 Dungeon Crawl Stone Soup version 0.27.1-4-g1640c2035a (webtiles) character file.

Game seed: 12705937416502372119

678 zeram the Chopper (level 7, -1/45 (57) HPs)
             Began as a Minotaur Fighter on Nov 12, 2021.
             Slain by a wight (6 damage)
             ... on level 4 of the Dungeon.
             The game lasted 00:04:52 (4402 turns).

zeram the Chopper (Minotaur Fighter)                Turns: 4402, Time: 00:04:53

HP:   -1/45 (57)    AC: 12    Str: 23    XL:     7   Next: 34%
MP:   6/6           EV:  5    Int:  5    God:
Gold: 120           SH: 10    Dex:  9    Spells: 6/6 levels left

rFire    . . .     SeeInvis .   a - +0 war axe
rCold    . . .     Faith    .   c - +0 kite shield
rNeg     . . .     Spirit   .   g - +0 plate armour
rPois    .         Reflect  .   (helmet restricted)
rElec    .         Harm     .   (no cloak)
rCorr    .         Rampage  .   (no gloves)
Will     .....                  (no boots)
Stlth    ..........             (no amulet)
HPRegen  0.15/turn              (no ring)
MPRegen  0.10/turn              (no ring)

@: heavily drained
A: horns 2, retaliatory headbutt
a: no special abilities


You were on level 4 of the Dungeon.
You visited 1 branch of the dungeon, and saw 4 of its levels.

You collected 120 gold pieces.

Inventory:

Hand Weapons
 a - a +0 war axe (weapon)
Armour
 b - a +0 scale mail
 c - a +0 kite shield (worn)
 g - a +0 plate armour (worn)
Wands
 k - a wand of mindburst (6)
Scrolls
 p - a scroll of blinking {unknown}
 q - a scroll of teleportation {unknown}
Potions
 e - a potion of haste {unknown}
 f - 2 potions of cancellation {unknown}
 h - a potion of magic {unknown}
 i - a potion of curing {unknown}
 j - a potion of degeneration {unknown}
 l - a potion of invisibility {unknown}
 m - a potion of attraction {unknown}
 n - a potion of berserk rage {unknown}


   Skills:
 - Level 3.6 Fighting
 + Level 7.1 Axes
 + Level 6.1 Armour
 + Level 6.1 Shields


You had 6 spell levels left.
You didn't know any spells.
Your spell library was empty.

Dungeon Overview and Level Annotations

Branches:
Dungeon (4/15)             Temple (0/1) D:4

Altars:

Annotations:
D:3 2 transporters, zeram's ghost, amateur OpBr


Innate Abilities, Weirdness & Mutations

You have a pair of horns on your head.
You reflexively headbutt those who attack you in melee.


Message History

You feel drained. The wight hits you but does no damage.
Your plate armour prevents you from hitting the wight.
The wight is severely damaged.
The wight completely misses you. You block the wight's attack.
The wight hits you with a +3 short sword.
You feel drained.
Unknown command.
You barely miss the wight.
The wight is severely damaged.
You block the wight's attack.
The wight hits you from afar with a +0 spear.
You feel drained.
The wight hits you with a +3 short sword.
The wight barely misses you. x2
Okay, then.
You barely miss the wight. You headbutt the wight.
You destroy the wight!
The wight hits you from afar with a +4 trident!
You feel drained.
The wight hits you from afar with a +0 spear.
* * * LOW HITPOINT WARNING * * *
Unknown command.
You feel much better. You block the wight's attack.
The wight barely misses you. The wight hits you but does no damage.
You block the wight's attack.
There is a large open door, spattered with blood here.
You barely miss the wight. Your headbutt misses the wight.
The wight is heavily damaged.
You block the wight's attack. The wight hits you but does no damage.
You slash the wight! Your headbutt misses the wight.
The wight is almost destroyed.
The wight hits you with a +4 trident!
You feel drained.
The wight hits you from afar with a +0 spear.
* * * LOW HITPOINT WARNING * * *
The wight hits you with a +4 trident.
* * * LOW HITPOINT WARNING * * *
The wight hits you from afar with a +0 spear.
* * * LOW HITPOINT WARNING * * *
The wight hits you from afar with a +4 trident.
You die...

#.##..... #..#....#
##.#....# ##### ####..##+##
#...# #.........# #...#
#.........# ##########...#
#.........#
........##...####.........#
.......zz'@..'.............
........##...##########..##
........###### #..#
........# #.># ........#
##.# #.#.##### #.# # #. #.#
# #.# #.#


You could see 2 wights.

Vanquished Creatures
  Sigmund (D:3)
  An ogre (D:4)
  A phantom (D:4)
  2 wights (D:4)
  A jelly (D:4)
  Terence (D:2)
  Jessica (D:2)
  Robin (D:3)
  3 gnolls (D:3)
  3 adders
  An adder skeleton (D:4)
  2 worms
  2 dart slugs
  13 orcs
  4 endoplasms
  4 giant cockroaches
  19 goblins
  7 hobgoblins
  8 jackals
  6 quokkas
  3 ball pythons (D:2)
  10 bats
  A frilled lizard (D:2)
  3 kobolds
  8 rats
  A spectral goblin (D:1)
107 creatures vanquished.

Notes
Turn   | Place    | Note
-------+----------+-------------------------------------------
     0 | D:1      | zeram the Minotaur Fighter began the quest for the Orb.
     0 | D:1      | Reached XP level 1. HP: 19/19 MP: 0/0
   376 | D:1      | Found a faded altar of an unknown god.
   378 | D:1      | Reached XP level 2. HP: 26/26 MP: 1/1
   735 | D:1      | Reached skill level 3 in Axes
   827 | D:1      | Reached XP level 3. HP: 31/31 MP: 2/2
  1168 | D:2      | Noticed Jessica
  1173 | D:2      | Killed Jessica
  1457 | D:2      | Noticed Terence
  1466 | D:2      | Killed Terence
  1467 | D:2      | Reached XP level 4. HP: 17/39 MP: 3/3
  2146 | D:2      | Reached skill level 4 in Axes
  2345 | D:3      | Noticed zeram's ghost (amateur OpBr)
  2345 | D:3      | Found a transporter.
  2346 | D:3      | Found a transporter.
  2355 | D:3      | Reached skill level 5 in Armour
  2358 | D:3      | Noticed Robin
  2367 | D:3      | Killed Robin
  2368 | D:3      | Reached XP level 5. HP: 33/45 MP: 4/4
  2974 | D:3      | Reached skill level 5 in Shields
  3574 | D:3      | Noticed Sigmund
  3615 | D:3      | Killed Sigmund
  3616 | D:3      | Reached skill level 5 in Axes
  3616 | D:3      | Reached XP level 6. HP: 28/51 MP: 5/5
  3874 | D:4      | Reached skill level 6 in Axes
  4134 | D:4      | Found a staircase to the Ecumenical Temple.
  4192 | D:4      | Reached XP level 7. HP: 26/57 MP: 6/6
  4393 | D:4      | Reached skill level 7 in Axes
  4402 | D:4      | Slain by a wight

Illustrated notes

Levels and vault maps discovered:
D:1:      kennysheep_arrival_forest, layout_loops_ring,
          dreamdust_ecumenical_altar_drowned_temple, minmay_domino_2
D:2:      layout_loops_corners, kennysheep_generic_room_9, uniq_jessica,
          uniq_terence
D:3:      layout_basic, serial_curves, eino_curves_04, eino_curves_03,
          eino_curves_04, gammafunk_ghost_arena, uniq_sigmund, uniq_robin
D:4:      layout_basic, nemelex_altar_shiori, minmay_temple_entry_tees,
          hangedman_decor_growths

Skill      XL: |  1  2  3  4  5  6  7 |
---------------+----------------------+-----
Armour         | 4 5 6 |  6.1
Shields        | 4 5 6 |  6.1
Axes           | 3 4 5 6 7 |  7.1
Fighting       | |  3.6

Action                   |  1- 3 |  4- 6 |  7- 9 || total
-------------------------+-------+-------+-------++-------
Melee: War axe           |    77 |   167 |    12 ||   256
       Headbutt          |     7 |    24 |     6 ||    37
  Use: Scroll            |       |     3 |       ||     3
       Potion            |       |     2 |     1 ||     3
Armor: Scale mail        |    41 |     3 |       ||    44
       Plate armour      |       |   112 |     5 ||   117
Dodge: Dodged            |    30 |    27 |     4 ||    61
Block: Kite shield       |    49 |   116 |    12 ||   177
